Unix NetHack Version 3.7.0-94 Work-in-progress - last build Dec 18 2023 00:11:04 (7e3deff068b9ef4f2ebb9a71ea0f5c4a3b578a14,branch:master). Game began 2023-12-31 20:25:27, ended 2023-12-31 20:46:20. puncake, lawful female dwarven Valkyrie ------- -. |..|..| |.. |...|.| - ---.. -------------.--- |.......- -.....)....)....-- |............-------------..| . - - .---..-- .| ..)....|--- .| ..).--.|..---- - ...| -...--|.|...... -...| ....| |.[.|.--- --...- -.(- --.|.| ..... -.... |0|.| ..... ..).. ..... .... ....- .o.... ... .*.. ......0| ... ....... ..S....| -........-- ..@..--- |.......-- -.. ..|.0--- Puncake the Skirmisher St:18/01 Dx:12 Co:16 In:11 Wi:9 Ch:9 Lawful S:1298 Dlvl:8 $:60 HP:0(48) Pw:6(6) AC:3 Xp:5/222 T:2681 Latest messages: c - an uncursed +3 small shield. What do you want to wield? a - an uncursed +1 dwarvish spear (weapon in right hand). What do you want to wear? You are now wearing a dented pot. What do you want to wear? You finish your dressing maneuver. What do you want to wear? You finish your dressing maneuver. What do you want to wear? You are now wearing a small shield. You hit the gnome mummy! The gnome mummy hits! The gnome thrusts one of his daggers. The gnome hits! You miss the gnome mummy. The gnome thrusts one of his daggers. The gnome hits! You hit the gnome mummy! The gnome mummy hits! You miss the gnome mummy. The gnome mummy hits! You destroy the gnome mummy! The gnome picks up a mummy wrapping. You kill the gnome! There are several objects here. z - 5 daggers. The Uruk-hai zaps a glass wand! The wand misses you. You hit the Uruk-hai! The Uruk-hai zaps a glass wand! The wand hits you! You kill the Uruk-hai! A - a glass wand. $ - 25 gold pieces (60 in total). With great effort you move the boulder. You see here a scale mail. You miss the snake. The snake bites! The snake misses! The snake bites! You miss the snake. The snake bites! You hit the snake! The snake bites! The snake bites! The snake's bite was poisoned! Valkyrie, your life force is running out. You die... Do you want to see the dungeon overview? q Inventory: Coins $ - 60 gold pieces Weapons b - an uncursed +0 dagger (alternate weapon; not wielded) z - 5 cursed -2 daggers a - an uncursed +1 dwarvish spear (weapon in right hand) w - a blessed +1 elven dagger Armor r - a blessed +0 dented pot (being worn) s - an uncursed +0 pair of leather gloves (being worn) t - a blessed +0 pair of low boots (being worn) c - an uncursed +3 small shield (being worn) Comestibles i - an uncursed banana d - 10 uncursed food rations m - an uncursed tripe ration Scrolls j - a blessed scroll of enchant armor o - an uncursed scroll of stinking cloud Potions x - an uncursed potion of extra healing g - an uncursed potion of see invisible y - an uncursed potion of speed Rings u - an uncursed ring of see invisible Wands A - an uncursed wand of striking (0:2) Tools v - an uncursed +0 grappling hook e - an uncursed oil lamp h - an uncursed skeleton key q - an uncursed tin whistle f - a cursed tin whistle Puncake the Valkyrie's attributes: Background: You were a Skirmisher, a level 5 dwarven Valkyrie. You were lawful, on a mission for Tyr who was opposed by Odin (neutral) and Loki (chaotic). You were right-handed. You were in the Gnomish Mines, on level 8. You entered the dungeon 2681 turns ago. You had 222 experience points, 98 more were needed to attain level 6. Your score was 1298 before end-of-game adjustments. Basics: You had 0 out of 48 hit points. You had all 6 energy points (spell power). Your armor class was 3. Your wallet contained 60 zorkmids. Autopickup was on for '%$?!/="+' plus thrown, with exceptions. Final Characteristics: Your strength was 18/01 (limit:18/100). Your dexterity was 12 (limit:20). Your constitution was 16 (limit:20). Your intelligence was 11 (limit:16). Your wisdom was 9 (limit:16). Your charisma was 9 (limit:16). Final Status: You weren't hungry. You were unencumbered. You were wielding a spear. You had basic skill with spear. Final Attributes: You were piously aligned. You were cold resistant. You had infravision. You were stealthy. You are dead. Miscellaneous: You never encountered a bones level. Total elapsed playing time was 20 minutes and 52 seconds. Major events: Turn 1: puncake the lawful dwarven Valkyrie entered the dungeon 574: entered the Gnomish Mines 1235: attained the rank of Skirmisher (level 3) 1281: reached Mine Town 2681: killed by a snake Vanquished creatures: a watchman a gnome ruler a gnome mummy 2 Uruk-hai a gnome leader a gnomish wizard a straw golem a giant bat a monkey 3 dwarf zombies 2 hobbits a hobgoblin 5 giant rats 26 gnomes a gecko a fox a kobold a goblin 2 sewer rats 4 grid bugs 2 lichens 5 newts 64 creatures vanquished. No species were genocided or became extinct. Voluntary challenges: You were illiterate. You never engraved Elbereth. You never genocided any monsters. You never polymorphed an object. You used no wishes. Achievements: You entered a shop. You entered the Gnomish Mines. You attained the rank of Skirmisher. You entered Minetown. You entered a temple. The Dungeons of Doom: levels 1 to 2 Level 1: A fountain. Level 2: An armor shop, an altar. Stairs down to The Gnomish Mines. The Gnomish Mines: levels 3 to 8 Level 3: Level 4: Level 5: Many shops, a temple and an altar, some fountains, a sink. Level 6: Level 7: Level 8: <- You were here. Final resting place for you, killed by a snake. Game over: ---------- / \ / REST \ / IN \ / PEACE \ / \ | puncake | | 60 Au | | killed by a | | snake | | | | | | 2023 | *| * * * | * _________)/\\_//(\/(/\)/\//\/|_)_______ Farvel puncake the Valkyrie... You died in The Gnomish Mines on dungeon level 8 with 1292 points, and 60 pieces of gold, after 2681 moves. You were level 5 with a maximum of 48 hit points when you died.